 Dungeon Crawl Stone Soup version 0.29.0-4-gdea44cf6ec (webtiles) character file.

Game seed: 17891607775801326101

6 qw the Chopper (level 1, -1/12 HPs)
             Began as a Tengu Warper on Aug 28, 2022.
             Slain by an adder (3 damage)
             ... on level 2 of the Dungeon.
             The game lasted 00:00:03 (1058 turns).

qw the Chopper (Tengu Warper)                       Turns: 1058, Time: 00:00:03

Health: -1/12      AC:  3    Str: 11    XL:     1   Next: 90%
Magic:  4/4        EV: 11    Int: 13    God:
Gold:   115        SH:  0    Dex: 13    Spells: 4/4 levels left

rFire   . . .      SeeInvis .   Y - +0 war axe
rCold   . . .      Faith    .   (no shield)
rNeg    . . .      Spirit   .   b - +0 leather armour
rPois   .          Reflect  .   (helmet restricted)
rElec   .          Harm     .   (no cloak)
rCorr   .          Rampage  .   (no gloves)
Will    .....                   (boots unavailable)
Stlth   +.........              (no amulet)
HPRegen 0.04/turn               (no ring)
MPRegen 0.09/turn               (no ring)

@: lethally poisoned (-1 -> -3)
A: beak, talons 3
a: no special abilities


You were on level 2 of the Dungeon.
You visited 1 branch of the dungeon, and saw 2 of its levels.

You collected 115 gold pieces.


Innate Abilities, Weirdness & Mutations

You have a beak for a mouth.
You have claws for feet.


   Skills:
 - Level 2.0 Fighting
 + Level 2.9 Axes
 - Level 1.0 Throwing
 - Level 1.1 Armour
 - Level 2.1 Dodging
 - Level 2.0 Spellcasting
 - Level 2.4 Translocations


You had 4 spell levels left.
You didn't know any spells.
Your spell library contained the following spells:

 Spells                   Type           Power      Damage    Failure   Level
 Blink                    Tloc           14%        N/A       19%         2
 Gell's Gravitas          Tloc           7%         N/A       36%         3
 Lesser Beckoning         Tloc           7%         N/A       36%         3
 Teleport Other           Tloc           7%         N/A       36%         3
 Manifold Assault         Tloc           7%         N/A       98%         5

Inventory:

Hand Weapons
 g - a +0 whip
 Y - a +0 war axe (weapon)
Missiles
 o - 5 boomerangs (quivered)
Armour
 b - a +0 leather armour (worn)
Potions
 e - a potion of brilliance {unknown}
 f - a potion of curing {unknown}
 h - a potion of magic {unknown}
 n - a potion of flight {unknown}

Dungeon Overview and Level Annotations

Branches:
Dungeon (2/15)

Altars:


Message History

Throw: boomerang (disperse)
Press: ? - help, Q - select action, (/) - cycle Shift-Dir - straight line, f/p - rat You throw a boomerang of dispersal.
The boomerang of dispersal hits the rat.
The rat blinks!
The rat is heavily wounded.
Throw: 5 boomerangs
Press: ? - help, Q - select action Shift-Dir - straight line, f/p - rat You throw a boomerang.
The boomerang hits the rat.
You kill the rat!
There is a large open door here.
Found a stone staircase leading down.
There is a large open door here.
An adder comes into view.
The adder hisses angrily.
The adder moves out of view.
Found a murky pink potion.
You barely miss the adder. Your kick misses the adder. The adder bites you.
The adder barely misses you.
You barely miss the adder. The adder barely misses you.
You hit the adder.
The adder is lightly wounded.
The adder bites you. The adder misses you.
You closely miss the adder. Your kick misses the adder.
The adder is lightly wounded.
The adder bites you. x2
You barely miss the adder.
The adder is lightly wounded.
The adder closely misses you. x2
You barely miss the adder. Your kick misses the adder.
Your peck misses the adder.
The adder is lightly wounded.
The adder bites you.
You are lethally poisoned!
The adder poisons you!
You completely miss the adder.
The adder is lightly wounded.
You feel sick. The adder bites you.
You die...

#.....#....
#.........### ..
###.#.#.#.....#...
###.......#.....#... .
...................
..####......##.....####
............''.........
#...........##.....###
.......@...####<....#
.#..#..S#### #####.#
#...>... # #.##.#... #
#.#.... #!#..... #
###...# ....


You could see an adder.

Vanquished Creatures
  2 ball pythons (D:1)
  A quokka (D:1)
  2 kobolds (D:1)
  A rat (D:2)
6 creatures vanquished.

Notes
Turn   | Place    | Note
-------+----------+-------------------------------------------
     0 | D:1      | qw the Tengu Warper began the quest for the Orb.
     0 | D:1      | Reached XP level 1. HP: 12/12 MP: 4/4
     0 | D:1      | 0 ||| qw: Version: 0.1-a-89-g26bdef1
     0 | D:1      | 0 ||| qw: Game counter: 3372
     0 | D:1      | 0 ||| qw: Always use a shield: true
     0 | D:1      | 0 ||| qw: God list: Okawaru
     0 | D:1      | 0 ||| qw: Allow faded altars: false
     0 | D:1      | 0 ||| qw: Do Orc after D:15 true
     0 | D:1      | 0 ||| qw: Do second Lair branch before Depths: true
     0 | D:1      | 0 ||| qw: Lair rune preference: random
     0 | D:1      | 0 ||| qw: Plans: Normal
     0 | D:1      | 0 ||| PLANNING D:1-11
    31 | D:1      | 31 ||| Stepping ~*~*~tactically~*~*~ (stealth).
    34 | D:1      | 34 ||| Stepping ~*~*~tactically~*~*~ (stealth).
   277 | D:1      | 277 ||| SWAPPING to +0 war axe.
   278 | D:1      | 278 ||| DROPPING +0 hand axe.
   557 | D:1      | Found a faded altar of an unknown god.
   965 | D:1      | 965 ||| READING scroll labelled AMIEXZO ROQUPH.
   969 | D:1      | 969 ||| READING scroll labelled JISMIO CAMO.
   970 | D:1      | 970 ||| READING scroll labelled JAONIS VICU.
   971 | D:1      | 971 ||| READING 2 scrolls labelled DYOS XIWAOFIMN.
   972 | D:1      | 972 ||| DRINKING 2 bubbling yellow potions.
  1005 | D:1      | 1005 ||| DROPPING scroll of blinking.
  1006 | D:1      | 1006 ||| DROPPING potion of lignification.
  1007 | D:1      | 1007 ||| DROPPING scroll of poison.
  1058 | D:2      | HP: 2/12 [poisoned by an adder]
  1058 | D:2      | Slain by an adder

Levels and vault maps discovered:
D:1:      nicolae_arrival_washed_ashore, layout_basic,
          chequers_ecumenical_altar_simple, serial_rivers,
          chequers_serial_rivers_micro_b, chequers_serial_rivers_micro_d,
          chequers_serial_rivers_micro_b, chequers_serial_rivers_large_b,
          chequers_serial_rivers_micro_b, dreamdust_wishing_well
D:2:      layout_basic

Action                   || total
-------------------------++-------
Melee: War axe           ||     8
       Hand axe          ||     4
       Kick              ||     1
Throw: Boomerang         ||     8
  Use: Scroll            ||     4
       Potion            ||     1
Dodge: Dodged            ||     5

Table legend:
 A = Non-vault XP
 B = Vault XP
 C = Vault XP percentage of total XP
 D = Non-vault monster count
 E = Vault monster count
 F = Vault count percentage of total count
                 A         B        C        D         E       F
            +---------+---------+-------+---------+---------+-------
      Total |       9 |       0 |   0.0 |       6 |       0 |   0.0
            +---------+---------+-------+---------+---------+-------
        D:1 |       8 |       0 |   0.0 |       5 |       0 |   0.0
        D:2 |       1 |       0 |   0.0 |       1 |       0 |   0.0
            +---------+---------+-------+---------+---------+-------
